 Dungeon Crawl Stone Soup version 0.25-a0-474-ga8a2ee3166 (webtiles) character file.

Game seed: 16663078217968748420, levelgen mode: deterministic

968 LairdRich the Skirmisher (level 7, 0/64 HPs)
             Began as a Minotaur Berserker on Feb 7, 2020.
             Was a Priest of Trog.
             Slain by a scorpion (5 damage)
             ... on level 4 of the Dungeon.
             The game lasted 00:06:57 (3229 turns).

LairdRich the Skirmisher (Minotaur Berserker)       Turns: 3229, Time: 00:06:58

Health: 0/64       AC:  6    Str: 24    XL:     7   Next: 93%
Magic:  6/6        EV: 13    Int:  4    God:    Trog [***...]
Gold:   145        SH:  0    Dex:  9    Spells: 6/6 levels left

rFire    . . .     SeeInvis .   a - +0 hand axe
rCold    . . .     Gourm    .   (no shield)
rNeg     . . .     Faith    .   j - +0 ring mail
rPois    .         Spirit   .   (helmet restricted)
rElec    .         Reflect  .   (no cloak)
rCorr    .         Harm     .   (no gloves)
MR       .....                  (no boots)
Stlth    ..........             (no amulet)
HPRegen  0.20/turn              (no ring)
MPRegen  0.10/turn              (no ring)

@: lethally poisoned (0 -> -7), berserk cooldown, slowed, very slow
A: retaliatory headbutt, horns 2
a: Berserk, Trog's Hand, Renounce Religion


You were on level 4 of the Dungeon.
You worshipped Trog.
Trog was most pleased with you.
You were not hungry.

You visited 1 branch of the dungeon, and saw 6 of its levels.

You collected 145 gold pieces.

Inventory:

Hand Weapons
 a - a +0 hand axe (weapon)
Armour
 j - a +0 ring mail (worn)
Jewellery
 d - a +2 ring of dexterity
Wands
 l - a wand of random effects (15)
Scrolls
 b - 3 scrolls of magic mapping {unknown}
 e - 2 scrolls of identify {unknown}
 f - a scroll of fear {unknown}
 m - a scroll of enchant armour {unknown}
 q - 2 scrolls of remove curse {unknown}
Potions
 g - a potion of resistance {unknown}
 h - a potion of magic {unknown}
 i - 3 potions of brilliance {unknown}
 k - a potion of cancellation {unknown}
 n - 2 potions of mutation {unknown}
 o - 2 potions of curing {unknown}
 p - a potion of haste {unknown}
Comestibles
 c - 10 rations
 r - 3 chunks of flesh


   Skills:
 + Level 6.5 Fighting
 + Level 6.5 Axes
 + Level 5.9 Armour
 + Level 5.4 Dodging


You had 6 spell levels left.
You didn't know any spells.
Your spell library was empty.

Dungeon Overview and Level Annotations

Branches:
Dungeon (6/15)
 Temple: D:4-7

Altars:
Elyvilon
Okawaru
Trog
Yredelemnul


Innate Abilities, Weirdness & Mutations

You reflexively headbutt those who attack you in melee.
You have a pair of horns on your head.


Message History

You furiously retaliate!
You headbutt the scorpion! The worker ant completely misses you.
You furiously retaliate!
You headbutt the worker ant.
The scorpion stings you but does no damage.
* * * LOW HITPOINT WARNING * * *
You feel sick. The leopard gecko barely misses you.
The worker ant barely misses you. The scorpion misses you.
The leopard gecko barely misses you. The worker ant bites you.
* * * LOW HITPOINT WARNING * * *
You hit the worker ant. You headbutt the worker ant.
You kill the worker ant!
Trog accepts your kill.
You hit the scorpion but do no damage. You closely miss the leopard gecko.
* * * LOW HITPOINT WARNING * * *
You feel sick. The leopard gecko closely misses you. You furiously retaliate!
You headbutt the leopard gecko!
You kill the leopard gecko!
Trog accepts your kill. The scorpion stings you.
You die...

<....#.....÷........
S.
...................#
.
....................#
.....................
...................#.
..................##
.......!†)........#
.._......).)......#
..........†)@.....#
...........†s.......
#####[##............
#. #............ #.
#............
........#.....$.
#.#............
#.#............


You could see a scorpion.

Vanquished Creatures
  Eustachio (D:6)
  2 bullfrogs (D:6)
  A wyvern zombie (D:6)
  A scorpion (D:6)
  A howler monkey (D:4)
  A crimson imp (D:2)
  An orc priest (D:4)
  A hound (D:6)
  2 orc wizards
  4 worker ants
  3 hound skeletons
  8 gnolls
  6 adders
  2 oozes
  4 worms
  3 dart slugs
  4 leopard geckos
  9 orcs
  2 bats (D:2)
  9 giant cockroaches
  9 goblins
  13 hobgoblins
  4 jackals
  7 kobolds
  A quokka (D:4)
  9 frilled lizards
  7 rats
115 creatures vanquished.

Vanquished Creatures (others)
  A leopard gecko (D:4)
1 creature vanquished.

Grand Total: 116 creatures vanquished

Notes
Turn   | Place    | Note
-------+----------+-------------------------------------------
     0 | D:1      | LairdRich the Minotaur Berserker began the quest for the
                  | Orb.
     0 | D:1      | Reached XP level 1. HP: 19/19 MP: 0/0
    38 | D:1      | Reached XP level 2. HP: 16/27 MP: 1/1
   428 | D:1      | Reached ** piety under Trog
   428 | D:1      | Reached XP level 3. HP: 29/33 MP: 2/2
   485 | D:1      | You fall into a shaft and drop 1 floor!
   936 | D:2      | Reached XP level 4. HP: 35/40 MP: 3/3
  1460 | D:2      | Reached XP level 5. HP: 39/47 MP: 4/4
  1977 | D:3      | Reached *** piety under Trog
  2045 | D:3      | Reached skill level 5 in Fighting
  2045 | D:3      | Reached skill level 5 in Axes
  2323 | D:3      | Reached XP level 6. HP: 38/56 MP: 5/5
  2432 | D:3      | Found a white marble altar of Elyvilon.
  2557 | D:3      | Found a bloodstained altar of Trog.
  2624 | D:3      | You fall into a shaft and drop 3 floors!
  2624 | D:6      | Noticed Eustachio
  2658 | D:6      | Killed Eustachio
  2658 | D:6      | Reached skill level 5 in Armour
  2658 | D:6      | Reached XP level 7. HP: 3/62 MP: 6/6
  3154 | D:5      | Entered Level 5 of the Dungeon
  3158 | D:4      | Found an iron altar of Okawaru.
  3170 | D:4      | Reached skill level 5 in Dodging
  3197 | D:4      | Found a basalt altar of Yredelemnul.
  3229 | D:4      | Slain by a scorpion

Levels and vault maps discovered:
D:1:      dpeg_arrival_tiny_d, layout_loops_ring, supply_closet_lemuel,
          minmay_strange_pillars
D:2:      layout_rooms, minmay_goblin_outpost
D:3:      layout_rooms, old_standard_altar, bloody_trog, first_ration
D:4:      layout_rooms, overflow_temple_1_default, okawaru_ov_weapons_minmay
D:5:      cheibrodos_helix_gallery, layout_cave_pods, kennysheep_little_box,
          hangedman_ru_absence, zin_statuary, lemuel_crystal_altar,
          minmay_temple_entry_poolview
D:6:      layout_basic, minmay_mini_ossuary, uniq_sigmund, uniq_eustachio

Skill      XL: |  1  2  3  4  5  6  7 |
---------------+----------------------+-----
Fighting       | 4 5 6 |  6.5
Axes           | 4 5 6 |  6.5
Armour         | 3 4 5 |  5.9
Dodging        | 3 4 5 |  5.4

Action                   |  1- 3 |  4- 6 |  7- 9 || total
-------------------------+-------+-------+-------++-------
Melee: Hand axe          |    80 |   147 |    55 ||   282
       Headbutt          |    14 |    25 |    13 ||    52
Throw: Stone             |       |     3 |       ||     3
Invok: Trog's Hand       |       |     1 |       ||     1
       Berserk           |       |       |     1 ||     1
 Stab: Sleeping          |     1 |       |       ||     1
  Eat: Chunk             |       |     6 |     1 ||     7
       Ration            |       |       |     1 ||     1
Armor: Animal skin       |     4 |       |       ||     4
       Ring mail         |    16 |    61 |    24 ||   101
Dodge: Dodged            |    44 |   110 |    54 ||   208

Table legend:
 A = Non-vault XP
 B = Vault XP
 C = Vault XP percentage of total XP
 D = Non-vault monster count
 E = Vault monster count
 F = Vault count percentage of total count
                 A         B        C        D         E       F
            +---------+---------+-------+---------+---------+-------
      Total |    1164 |     219 |  15.8 |     109 |       7 |   6.0
            +---------+---------+-------+---------+---------+-------
        D:1 |      42 |       0 |   0.0 |      24 |       0 |   0.0
        D:2 |     178 |      11 |   5.8 |      33 |       6 |  15.4
        D:3 |     167 |       0 |   0.0 |      22 |       0 |   0.0
        D:4 |     352 |       0 |   0.0 |      21 |       0 |   0.0
        D:6 |     425 |     208 |  32.9 |       9 |       1 |  10.0
            +---------+---------+-------+---------+---------+-------
